 Dungeon Crawl Stone Soup version 0.24.0-123-gd5b16e6ec5 (webtiles) character file.

Game seed: 15266901025447808952, levelgen mode: deterministic

83 Peloso the Covered (level 4, -9/40 HPs)
             Began as a Minotaur Fighter on Jan 11, 2020.
             Was an Initiate of Okawaru.
             Splashed by Ijyb's acid (11 damage)
             ... on level 3 of the Dungeon.
             The game lasted 00:02:39 (2091 turns).

Peloso the Covered (Minotaur Fighter)               Turns: 2091, Time: 00:02:40

Health: -9/40      AC:  5    Str: 25    XL:     4   Next: 22%
Magic:  3/3        EV:  8    Int:  5    God:    Okawaru [......]
Gold:   124        SH: 10    Dex: 11    Spells: 3/3 levels left

rFire    . . .     SeeInvis .   a - +0 long sword
rCold    . . .     Gourm    .   c - +0 shield
rNeg     . . .     Faith    .   b - +0 scale mail
rPois    .         Spirit   .   l - +2 hat
rElec    .         Reflect  .   (no cloak)
rCorr    .         Harm     .   (no gloves)
MR       .....                  (no boots)
Stlth    ..........             (no amulet)
HPRegen  0.13/turn              (no ring)
MPRegen  0.08/turn              (no ring)

@: mighty, corroded
A: retaliatory headbutt, horns 2
a: Renounce Religion


You were on level 3 of the Dungeon.
You worshipped Okawaru.
Okawaru was noncommittal.
You were hungry.

You visited 1 branch of the dungeon, and saw 3 of its levels.

You collected 124 gold pieces.

Inventory:

Hand Weapons
 a - a +0 long sword (weapon)
Armour
 b - a +0 scale mail (worn)
 c - a +0 shield (worn)
 l - a +2 hat (worn)
Jewellery
 m - a +4 ring of strength {unknown}
 o - an uncursed ring of protection from fire {unknown}
Scrolls
 h - 4 scrolls of identify {unknown}
 j - a scroll of enchant weapon {unknown}
 k - a scroll of teleportation {unknown}
 n - a scroll of fear {unknown}
 r - a scroll of blinking {unknown}
Potions
 e - 2 potions of magic
 g - a potion of berserk rage
 i - a potion of haste
 p - a potion of degeneration {unknown}
 q - a potion of flight {unknown}
Comestibles
 f - 12 rations


   Skills:
 + Level 4.0 Fighting
 + Level 3.5 Long Blades
 + Level 4.7 Armour
 + Level 0.4 Dodging
 + Level 0.1 Stealth
 + Level 4.1 Shields


You had 3 spell levels left.
You didn't know any spells.
Your spell library was empty.

Dungeon Overview and Level Annotations

Branches:
Dungeon (3/15)

Altars:
Cheibriados
Fedhas
Kikubaaqudgha
Okawaru

Annotations:
D:3 Ijyb


Innate Abilities, Weirdness & Mutations

You reflexively headbutt those who attack you in melee.
You have a pair of horns on your head.


Message History

There is a stone staircase leading down here.
You are feeling hungry.
h - 3 scrolls labeled DAGAXO NUCY (gained 1)
h - 4 scrolls labeled DAGAXO NUCY (gained 1)
q - a cyan potion
r - a scroll labeled TUYWAL TUDGH Ijyb the Twisted Goblin comes into view.
She is wearing a +2 chain mail of fire resistance and carrying a wand of acid (10).
Ijyb shouts!
Ijyb is nearby!
Ijyb is nearby!
A bat comes into view.
You feel very mighty all of a sudden.
Ijyb zaps a wand.
The bolt of acid hits you!
You are splashed with acid!
* * * LOW HITPOINT WARNING * * *
You block Ijyb's attack.
Your shield and scale mail prevent you from hitting Ijyb.
Ijyb zaps a wand.
The bolt of acid hits you!
* * * LOW HITPOINT WARNING * * *
The acid corrodes you!
You are splashed with acid!
You die...

# #.##.#####....# #.# #.# ##
#.##........#.###.###.#
.#######.###########..>......#
......##.# #####.#####
.###.†...# #.# ......#### #.#
#####.#.. #.# #.#.#
#.############.# #†#.#
#...bg@.......(#
#.#.###.##############
#####.#.....# ..........#
###########


You could see Ijyb and a bat.

Vanquished Creatures
  3 adders (D:3)
  An ooze (D:2)
  A worm (D:2)
  4 dart slugs
  A ball python (D:1)
  A giant cockroach (D:2)
  5 goblins
  6 hobgoblins
  4 kobolds
  A quokka (D:3)
  5 bats
  2 frilled lizards
  9 rats
43 creatures vanquished.

Notes
Turn   | Place    | Note
-------+----------+-------------------------------------------
     0 | D:1      | Peloso the Minotaur Fighter began the quest for the Orb.
     0 | D:1      | Reached XP level 1. HP: 19/19 MP: 0/0
   145 | D:1      | Reached XP level 2. HP: 27/27 MP: 1/1
   871 | D:2      | Reached XP level 3. HP: 33/33 MP: 2/2
   886 | D:2      | Found a snail-covered altar of Cheibriados.
  1573 | D:3      | Found a blossoming altar of Fedhas.
  1696 | D:3      | Reached XP level 4. HP: 40/40 MP: 3/3
  1830 | D:3      | Found an iron altar of Okawaru.
  1838 | D:3      | Became a worshipper of Warmaster Okawaru
  1845 | D:3      | Found an ancient bone altar of Kikubaaqudgha.
  2086 | D:3      | Noticed Ijyb
  2091 | D:3      | HP: 2/40 [Ijyb/bolt of acid (10)]
  2091 | D:3      | Splashed by Ijyb's acid

Levels and vault maps discovered:
D:1:      giann_bridges, layout_loops_ring, minmay_3d_cube
D:2:      layout_loops_corners, kennysheep_slug_shrine
D:3:      layout_loops_ring, amethyst_overflow_temple_binary, first_ration,
          lemuel_altar_in_water, uniq_ijyb

Skill      XL: |  1  2  3 |
---------------+----------+-----
Armour         | 4 |  4.7
Shields        | 4 |  4.1
Fighting       | 4 |  4.0
Long Blades    | 3 |  3.5
Dodging        | |  0.4
Stealth        | |  0.1

Action                   |  1- 3 |  4- 6 || total
-------------------------+-------+-------++-------
Melee: Long sword        |    89 |    14 ||   103
       Headbutt          |    15 |     2 ||    17
  Use: Potion            |     4 |     1 ||     5
  Eat: Chunk             |     2 |     1 ||     3
Armor: Scale mail        |    43 |     4 ||    47
Dodge: Dodged            |    28 |     3 ||    31
Block: Shield            |    44 |     5 ||    49
       Rpst.: Long sword |     6 |     1 ||     7
